 Dungeon Crawl Stone Soup version 0.25.0-1-g7eea58d (webtiles) character file.

Game seed: 17126890323303872298

168 rhysdieslots the Chiller (level 5, -6/35 HPs)
             Began as a Merfolk Ice Elementalist on June 15, 2020.
             Mangled by an ogre
             ... wielding a +0 giant club
              (28 damage)
             ... on level 4 of the Dungeon.
             The game lasted 00:08:44 (3338 turns).

rhysdieslots the Chiller (Merfolk Ice Elementalist) Turns: 3338, Time: 00:08:44

Health: -6/35      AC:  9    Str:  8    XL:     5   Next: 49%
Magic:  2/9        EV: 13    Int: 15    God:
Gold:   123        SH:  5    Dex: 15    Spells: 3/10 levels left

rFire    . . .     SeeInvis .   h - +0 hand axe
rCold    . . .     Gourm    .   (no shield)
rNeg     . . .     Faith    .   a - +1 robe
rPois    .         Spirit   .   (no helmet)
rElec    .         Reflect  +   (no cloak)
rCorr    .         Harm     .   (no gloves)
MR       .....                  (no boots)
Stlth    ++........             g - amulet of reflection
HPRegen  0.11/turn              (no ring)
MPRegen  0.11/turn              (no ring)

@: icy armour
A: change form in water, swift swim, stealthy swim
a: no special abilities


You were on level 4 of the Dungeon.
You were hungry.

You visited 1 branch of the dungeon, and saw 4 of its levels.

You collected 123 gold pieces.

Inventory:

Hand Weapons
 h - a +0 hand axe (weapon)
Armour
 a - a +1 robe (worn)
Jewellery
 b - an uncursed ring of teleportation
 g - an amulet of reflection (around neck)
Wands
 p - a wand of iceblast (7)
Scrolls
 f - 3 scrolls of fear
 j - a scroll of enchant armour
 n - a scroll of remove curse
 o - a scroll of identify
Potions
 d - 2 potions of heal wounds {unknown}
 e - a potion of magic
 i - 2 potions of berserk rage {unknown}
 k - a potion of lignification {unknown}
 m - a potion of might {unknown}
 q - a potion of ambrosia {unknown}
Comestibles
 c - 3 rations


   Skills:
 - Level 2.6 Dodging
 - Level 2.8 Stealth
 + Level 3.1 Spellcasting
 + Level 1.1 Charms
 * Level 6.1 Ice Magic


You had 3 spell levels left.
You knew the following spells:

 Your Spells              Type           Power        Failure   Level  Hunger
a - Freeze                Ice            ###.         1%          1    #......
b - Frozen Ramparts       Ice            ###...       4%          3    ###....
c - Ozocubu's Armour      Chrm/Ice       ##......     13%         3    ###....

Your spell library contained the following spells:

 Spells                   Type           Power        Failure   Level  Hunger
 Hailstorm                Conj/Ice       ##......     50%         4    #####..
 Summon Ice Beast         Ice/Summ       ##......     50%         4    #####..


Dungeon Overview and Level Annotations

Branches:
Dungeon (4/15)
 Temple: D:4-7

Altars:
Qazlal


Message History

Press: ? - help, Shift-Dir - straight line, f/p - ogre
Aim: an ogre, wielding a +0 giant club (lightly wounded)
You freeze the ogre.
The ogre is moderately wounded.
The wall freezes the ogre.
The ogre closely misses you.
You hit the ogre but do no damage.
The ogre is heavily wounded.
The wall freezes the ogre.
The ogre hits you with a +0 giant club!
You hit the ogre.
The ogre is severely wounded.
The wall freezes the ogre.
The ogre barely misses you.
You barely miss the ogre.
The ogre is severely wounded.
The wall freezes the ogre.
The ogre barely misses you.
You barely miss the ogre.
The ogre is almost dead.
The frozen ramparts melt away.
The ogre hits you with a +0 giant club!!
Ouch! That really hurt!
You die...

#.#####.
'......
#.#...
#.... #...
#.. #O# #@#
#######.###
..........#
#######.#.#
#.#.# #.#.#
######.#.#
#......#.#
#.######.#


You could see an ogre.

Vanquished Creatures
  Jessica (D:2)
  6 adders
  An ooze (D:1)
  3 worms
  2 dart slugs (D:3)
  3 leopard geckos
  2 orcs (D:3)
  7 giant cockroaches
  5 goblins
  8 hobgoblins
  3 jackals (D:3)
  3 quokkas
  A ball python (D:2)
  9 bats
  3 frilled lizards (D:1)
  5 kobolds
  6 rats
68 creatures vanquished.

Notes
Turn   | Place    | Note
-------+----------+-------------------------------------------
     0 | D:1      | rhysdieslots the Merfolk Ice Elementalist began the quest
                  | for the Orb.
     0 | D:1      | Reached XP level 1. HP: 13/13 MP: 3/3
   288 | D:1      | Reached XP level 2. HP: 8/19 MP: 0/5
   732 | D:1      | Reached XP level 3. HP: 24/24 MP: 2/6
   737 | D:1      | Learned a level 3 spell: Frozen Ramparts
   851 | D:1      | Reached skill level 5 in Ice Magic
  1388 | D:2      | Noticed Jessica
  1395 | D:2      | Killed Jessica
  1395 | D:2      | Reached XP level 4. HP: 30/30 MP: 4/7
  1555 | D:2      | Found a stormy altar of Qazlal.
  1904 | D:2      | Learned a level 3 spell: Ozocubu's Armour
  2424 | D:3      | Reached XP level 5. HP: 30/35 MP: 3/9
  2591 | D:3      | Reached skill level 6 in Ice Magic
  2891 | D:3      | Reached skill level 1 in Charms
  3328 | D:4      | Noticed an ogre
  3338 | D:4      | Mangled by an ogre

Illustrated notes

Levels and vault maps discovered:
D:1:      lightli_arrival_maybe_door_vault, layout_rooms
D:2:      layout_basic, nicolae_qazlal_eye_of_the_storm, uniq_jessica
D:3:      layout_rooms, grunt_ministairs_7
D:4:      kennysheep_big_flooded_room, layout_basic, grunt_temple_overflow_open,
          minmay_temple_entry_proselytizer, kennysheep_generic_room_12,
          uniq_crazy_yiuf_cottage

Skill      XL: |  1  2  3  4  5 |
---------------+----------------+-----
Ice Magic      | 5 6 |  6.1
Spellcasting   | 3 |  3.1
Charms         | 1 |  1.1
Dodging        | |  2.6
Stealth        | |  2.8

Action                   |  1- 3 |  4- 6 || total
-------------------------+-------+-------++-------
Melee: Club              |     5 |       ||     5
       Unarmed           |     5 |       ||     5
       Hand axe          |    58 |    74 ||   132
 Cast: Freeze            |    28 |    27 ||    55
       Frozen Ramparts   |       |    10 ||    10
       Ozocubu's Armour  |       |     1 ||     1
  Use: Scroll            |     3 |     4 ||     7
 Stab: Sleeping          |     6 |     5 ||    11
       Distracted        |       |     1 ||     1
  Eat: Chunk             |     2 |     7 ||     9
Armor: Robe              |    14 |    15 ||    29
Dodge: Dodged            |    67 |    62 ||   129
Block: Other             |    19 |    23 ||    42
